 Dungeon Crawl Stone Soup version 0.30-a0-691-g754fce4c43 (webtiles) character file.

Game seed: 6980408180464077880

240 rogsnak the Gusty (level 5, 0/35 HPs)
             Began as a Demonspawn Air Elementalist on Jan 20, 2023.
             Slain by Blork the orc
             ... wielding a +0 short sword
              (2 damage)
             ... on level 4 of the Dungeon.
             The game lasted 00:07:11 (3429 turns).

rogsnak the Gusty (Demonspawn Air Elementalist)     Turns: 3429, Time: 00:07:12

Health: 0/35       AC:  4    Str:  8    XL:     5   Next: 79%
Magic:  1/9        EV: 12    Int: 18    God:
Gold:   117        SH:  0    Dex: 14    Spells: 9/10 levels left

rFire   . . .      SeeInvis +    k - +1 short sword (venom)
rCold   . . .      Faith    .    (no shield)
rNeg    . . .      Spirit   .    a - +0 robe
rPois   .          Reflect  .    (helmet restricted)
rElec   .          Harm     .    (no cloak)
rCorr   .          Rampage  .    h - +1 pair of gloves
Will    .....                    (no boots)
Stlth   ++                       (no amulet)
HPRegen 0.25/turn                c - ring of see invisible
MPRegen 0.11/turn                (no ring)

@: no status effects
A: horns 2
a: no special abilities


You were on level 4 of the Dungeon.
You visited 1 branch of the dungeon, and saw 4 of its levels.

You collected 117 gold pieces.

Inventory:

Hand Weapons
 f - a +0 short sword
 k - a +1 short sword of venom (weapon)
Armour
 a - a +0 robe (worn)
 g - a +0 pair of gloves
 h - a +1 pair of gloves (worn)
 j - +0 ice dragon scales
Jewellery
 c - a ring of see invisible (left hand)
 t - a ring of protection from cold
Scrolls
 e - 4 scrolls of identify {unknown}
 m - a scroll of magic mapping {unknown}
 o - a scroll of fear {unknown}
 p - a scroll of amnesia {unknown}
 r - 3 scrolls of fog {unknown}
 s - 3 scrolls of teleportation {unknown}
Potions
 b - a potion of magic
 d - a potion of attraction {unknown}
 i - 2 potions of heal wounds {unknown}
 l - a potion of brilliance {unknown}
 n - a potion of curing {unknown}
 q - a potion of mutation {unknown}


   Skills:
 + Level 0.2 Fighting
 + Level 2.4 Dodging
 - Level 2.0 Stealth
 - Level 0.1 Unarmed Combat
 + Level 3.1 Spellcasting
 * Level 3.3 Conjurations
 + Level 4.0 Air Magic


You had 9 spell levels left.
You knew the following spells:

 Your Spells              Type           Power      Damage    Failure   Level
a - Shock                 Conj/Air       64%        1d7       3%          1

Your spell library contained the following spells:

 Spells                   Type           Power      Damage    Failure   Level
 Magic Dart               Conj           56%        1d5       4%          1
 Static Discharge         Conj/Air       32%        2-4/arc   5%          2
 Foxfire                  Conj/Fire      32%        2x1d5     9%          1
 Swiftness                Air            17%        N/A       10%         3
 Poisonous Vapours        Pois/Air       20%        N/A       11%         2
 Beastly Appendage        Tmut           4%         N/A       16%         1
 Freeze                   Ice            8%         1d3       16%         1
 Sting                    Tmut/Pois      8%         1d3       16%         1
 Mephitic Cloud           Conj/Pois/Air  11%        N/A       19%         3
 Call Imp                 Summ           2%         N/A       24%         2
 Wereblood                Tmut           2%         N/A       24%         2
 Hailstorm                Conj/Ice       8%         3d4       24%         3
 Airstrike                Air            8%         2d(2-18)  30%         4
 Frozen Ramparts          Ice            4%         1d1       43%         3
 Portal Projectile        Hex/Tloc       4%         N/A       43%         3
 Spider Form              Tmut/Pois      2%         N/A       43%         3
 Tukima's Dance           Hex            2%         N/A       43%         3
 Olgreb's Toxic Radiance  Pois           2%         N/A       85%         4
 Fireball                 Conj/Fire      4%         3d4       92%         5
 Blade Hands              Tmut           1%         N/A       99%         5
 Starburst                Conj/Fire      4%         6d3       100%        6


Dungeon Overview and Level Annotations

Branches:
Dungeon (4/15)
 Temple: D:4-7

Altars:
Dithmenos
Okawaru

Annotations:
D:4 Blork the orc


Innate Abilities, Weirdness & Mutations

You have a pair of horns on your head.


Message History

Blork the orc barely misses you.
Unknown command.
Unknown command.
Casting: Shock (safe; 3% risk of failure)
Confirm with . or Enter, or press ? or * to list all spells.
Aiming: Shock (safe; 3% risk of failure)
Press: ? - help, Shift-Dir - straight line, f/p - Blork the orc
Aim: Blork the orc, wielding a +0 short sword and wearing a +0 robe (severely wounded, poisoned, 75% to hit)
The zap hits Blork the orc.
Blork the orc is severely wounded.
Blork the orc gestures at you while chanting.
The puff of frost hits you!
* * * LOW HITPOINT WARNING * * *
Unknown command.
You hit Blork the orc.
Blork the orc is almost dead.
Blork the orc hits you with a +0 short sword!
* * * LOW HITPOINT WARNING * * *
Unknown command.
Casting: Shock (safe; 3% risk of failure)
Confirm with . or Enter, or press ? or * to list all spells.
Aiming: Shock (safe; 3% risk of failure)
Press: ? - help, Shift-Dir - straight line, f/p - Blork the orc
Aim: Blork the orc, wielding a +0 short sword and wearing a +0 robe (almost dead, poisoned, 75% to hit)
The zap hits Blork the orc.
Blork the orc is almost dead.
Blork the orc suddenly grunts.
Blork the orc hits you with a +0 short sword.
* * * LOW HITPOINT WARNING * * *
Unknown command.
Unknown command.
Casting: Shock (safe; 3% risk of failure)
Confirm with . or Enter, or press ? or * to list all spells.
Aiming: Shock (safe; 3% risk of failure)
Press: ? - help, Shift-Dir - straight line, f/p - Blork the orc
Aim: Blork the orc, wielding a +0 short sword and wearing a +0 robe (almost dead, poisoned, 75% to hit)
Okay, then.
Blork the orc attacks as you move away!
Blork the orc hits you with a +0 short sword.
You die...

#### ...#
...# ...#
...# ...#
#####o..#
#...@...#
#.###.?.#
#.#####.#
#.....#
..
#####.#
## ####.#
#....#
#.####
#...#


You could see Blork the orc (poisoned).

Vanquished Creatures
  A jelly (D:4)
  An orc priest (D:3)
  2 orc wizards (D:3)
  4 adders
  A gnoll (D:1)
  4 worms
  2 dart slugs (D:2)
  6 orcs (D:3)
  8 ball pythons
  4 bats
  4 endoplasms
  2 giant cockroaches
  5 goblins
  8 hobgoblins
  6 kobolds
  A quokka (D:1)
  3 frilled lizards
  5 rats
67 creatures vanquished.

Vanquished Creatures (others)
  4 fungi (D:3)
4 creatures vanquished.

Grand Total: 71 creatures vanquished

Notes
Turn   | Place    | Note
-------+----------+-------------------------------------------
     0 | D:1      | rogsnak the Demonspawn Air Elementalist began the quest for
                  | the Orb.
     0 | D:1      | Reached XP level 1. HP: 13/13 MP: 3/3
   219 | D:1      | Reached skill level 3 in Air Magic
   265 | D:1      | Gained mutation: You have a pair of small horns on your
                  | head. [demonic ancestry]
   265 | D:1      | Reached XP level 2. HP: 19/19 MP: 3/5
   522 | D:1      | Found a faded altar of an unknown god.
   527 | D:1      | Reached XP level 3. HP: 24/24 MP: 0/6
  1499 | D:2      | Gained mutation: You have a pair of horns on your head.
                  | [demonic ancestry]
  1499 | D:2      | Reached XP level 4. HP: 23/30 MP: 0/7
  2121 | D:3      | Found an iron altar of Okawaru.
  2348 | D:3      | Found a shadowy altar of Dithmenos.
  2571 | D:3      | Reached XP level 5. HP: 30/35 MP: 6/9
  3337 | D:4      | Reached skill level 4 in Air Magic
  3413 | D:4      | Noticed Blork the orc
  3429 | D:4      | Slain by Blork the orc

Illustrated notes

Levels and vault maps discovered:
D:1:      minmay_arrival_nine_rooms, layout_rooms,
          ebering_ecumenical_altar_abandoned
D:2:      layout_basic, kennysheep_generic_room_6
D:3:      layout_basic, nicolae_overflow_crystal_walls,
          mainiacjoe_overflow_boulevard
D:4:      layout_basic, uniq_blork_the_orc, uniq_natasha

Skill      XL: |  1  2  3  4  5 |
---------------+----------------+-----
Air Magic      | 3 4 |  4.0
Dodging        | 2 |  2.4
Conjurations   | 2 3 |  3.3
Stealth        | 2 |  2.0
Spellcasting   | 3 |  3.1
Fighting       | |  0.2
Unarmed Combat | |  0.1

Action                   |  1- 3 |  4- 6 || total
-------------------------+-------+-------++-------
Melee: Unarmed           |    19 |       ||    19
       Headbutt          |    13 |     2 ||    15
       Short sword       |    26 |    18 ||    44
 Cast: Shock             |    75 |    78 ||   153
Armor: Robe              |    13 |     6 ||    19
Dodge: Dodged            |    21 |     7 ||    28

Table legend: (Time is in decaauts)
 A = Elapsed time spent in this place.
 B = Non-inter-level travel time spent in this place.
 C = Inter-level travel time spent in this place.
 D = Time resting spent in this place.
 E = Time spent auto-exploring this place.
 F = Levels seen in this place.
 G = Mean time per level.
                   A        B        C        D        E       F      G
               +--------+--------+--------+--------+--------+-----+--------+
         Total |   3426 |   3314 |    112 |    292 |   2336 |   4 |  856.5 |
       Dungeon |   3426 |   3314 |    112 |    292 |   2336 |   4 |  856.5 |
               +--------+--------+--------+--------+--------+-----+--------+

Top non-repeatable levels by time:
     D:3: 1274 daAuts
     D:2: 994 daAuts
     D:1: 958 daAuts
     D:4: 199 daAuts
